 Dungeon Crawl Stone Soup version 0.29.0-11-gd7f09526c8 (webtiles) character file.

Game seed: 2180016697667460097

123 Anamonty the Changer (level 5, 0/34 HPs)
             Began as an Octopode Transmuter on Sept 3, 2022.
             Slain by an adder (4 damage)
             ... on level 2 of the Dungeon.
             The game lasted 00:03:27 (1889 turns).

Anamonty the Changer (Octopode Transmuter)          Turns: 1889, Time: 00:03:27

Health: 0/34       AC:  1    Str:  8 (11) XL:     5   Next: 7%
Magic:  9/9        EV: 13    Int: 13 (16) God:
Gold:   107        SH:  0    Dex: 11 (12) Spells: 3/9 levels left

rFire   . . .      SeeInvis .   n - +0 long sword
rCold   . . .      Faith    .   (no shield)
rNeg    . . .      Spirit   .   (helmet currently unavailable)
rPois   +          Reflect  .   (no amulet)
rElec   .          Harm     .   o - ring of flight
rCorr   .          Rampage  .   h - ring of poison resistance
Will    .....                   (no ring)
Stlth   ++........              (no ring)
HPRegen 0.11/turn               (no ring)
MPRegen 0.11/turn               (no ring)
                                (no ring)
                                (no ring)

@: confused, appendages (expiring), ambrosia-drunk, flying
A: tentacle spike 3, almost no armour, amphibious, 8 rings, camouflage 1,
gelatinous body 1, (nimble swimmer 1), tentacles
a: End Transformation


You were on level 2 of the Dungeon.
One of your tentacles had grown a beastly spike.
You visited 1 branch of the dungeon, and saw 3 of its levels.

You collected 107 gold pieces.

Inventory:

Hand Weapons
 n - a +0 long sword (weapon)
Missiles
 c - 7 poisoned darts (quivered)
Jewellery
 h - a ring of poison resistance (right tentacle)
 o - a ring of flight (left tentacle)
Scrolls
 b - a scroll of brand weapon {unknown}
 f - a scroll of fear {unknown}
 g - 3 scrolls of teleportation {unknown}
 i - a scroll of enchant armour {unknown}
 j - a scroll of identify {unknown}
 q - a scroll of fog {unknown}
Potions
 a - a potion of lignification
 e - a potion of curing {unknown}
 k - 3 potions of degeneration
 l - a potion of flight {unknown}
 m - a potion of berserk rage {unknown}
 p - a potion of mutation {unknown}


   Skills:
 + Level 2.0 Fighting
 + Level 2.6 Dodging
 - Level 3.3 Unarmed Combat
 + Level 2.7 Spellcasting
 * Level 3.4 Transmutations


You had 3 spell levels left.
You knew the following spells:

 Your Spells              Type           Power      Damage    Failure   Level
a - Beastly Appendage     Tmut           20%        N/A       6%          1
b - Wereblood             Tmut           10%        N/A       9%          2
c - Spider Form           Tmut/Pois      6%         N/A       34%         3

Your spell library contained the following spells:

 Spells                   Type           Power      Damage    Failure   Level
 Call Canine Familiar     Summ           1%         N/A       56%         3
 Portal Projectile        Hex/Tloc       2%         N/A       56%         3
 Ice Form                 Ice/Tmut       6%         N/A       75%         4
 Leda's Liquefaction      Hex/Erth       0%         N/A       93%         4
 Fireball                 Conj/Fire      0%         3d3       100%        5
 Starburst                Conj/Fire      0%         6d3       100%        6
 Ignition                 Fire           0%         3d3       100%        8


Dungeon Overview and Level Annotations

Branches:
Dungeon (3/15)

Altars:


Innate Abilities, Weirdness & Mutations

One of your tentacles has grown a beastly spike.
You cannot wear most types of armour.
You are amphibious.
You can wear up to eight rings at the same time.
Your skin changes colour to match your surroundings (Stealth+).
Your rubbery body absorbs attacks. (AC +1, EV +1)
((You are camouflaged when in or above water. (Stealth+)))
You have tentacles for arms and can constrict up to eight enemies at once.


Message History

You howl as the wereblood boils in your veins!
Your primal bloodlust is almost over.
Your primal bloodlust has ended.
An adder comes into view.
An adder is nearby!
Things that are here:
a ball python corpse; a hobgoblin corpse
Casting: Wereblood (safe; 7% risk of failure)
Confirm with . or Enter, or press ? or * to list all spells.
One of your tentacles grows a vicious spike.
The adder bites you.
You are poisoned.
The adder poisons you!
You miss the adder. Your grab misses the adder.
You feel very sick. The adder bites you.
* * * LOW HITPOINT WARNING * * *
You miss the adder. You grab the adder.
Your tentacle spike misses the adder.
Your transformation is almost over.
You constrict the adder.
You feel sick. The adder barely misses you. The adder bites you.
* * * LOW HITPOINT WARNING * * *
You hit the adder but do no damage.
You pierce the adder.
Your squeeze misses the adder.
The adder is heavily wounded.
You constrict the adder.
You feel sick. The adder bites you.
* * * LOW HITPOINT WARNING * * *
The adder barely misses you.
It was a potion of degeneration.
There was something very wrong with that liquid.
You feel weakened.
You feel dopey.
You feel clumsy.
You constrict the adder.
* * * LOW HITPOINT WARNING * * *
You feel sick. The adder misses you.
It was a potion of ambrosia.
You are confused.
You feel invigorated.
You constrict the adder.
You feel sick.
You are no longer poisoned.
The adder bites you.
You die...

###
#.......##.##.....#
..#
#.......#.......#.#
#.#
#......)#.......#.#
#.#
#.......#.###.#.#.#
#.#
#.......#.##....#.#
#.#
#....$..#.##......#
#.#
#..?......†.....###
..#
#.#####.#.##†####
### #.#.##@# .
..#.##S# ##
####.##.# #!##.#
...(.# ...### ## .#
.#


You could see an adder.

Vanquished Creatures
  5 adders
  A worm (D:2)
  5 dart slugs (D:1)
  3 orcs (D:3)
  8 endoplasms
  5 giant cockroaches
  4 goblins
  2 hobgoblins
  5 quokkas
  10 ball pythons
  6 bats
  2 frilled lizards
  3 kobolds (D:1)
  2 rats (D:1)
61 creatures vanquished.

Notes
Turn   | Place    | Note
-------+----------+-------------------------------------------
     0 | D:1      | Anamonty the Octopode Transmuter began the quest for the
                  | Orb.
     0 | D:1      | Reached XP level 1. HP: 13/13 MP: 3/3
   278 | D:1      | Reached XP level 2. HP: 12/18 MP: 5/5
   299 | D:1      | Learned a level 2 spell: Wereblood
   558 | D:1      | Reached XP level 3. HP: 23/23 MP: 3/6
   562 | D:1      | Learned a level 3 spell: Spider Form
  1243 | D:2      | You fall into a shaft and drop 1 floor!
  1330 | D:3      | Reached XP level 4. HP: 28/28 MP: 2/7
  1864 | D:2      | Reached XP level 5. HP: 15/34 MP: 5/9
  1889 | D:2      | Slain by an adder

Illustrated notes

Levels and vault maps discovered:
D:1:      enne_arrival_octagon_isle, layout_loops_ring, minmay_box_of_dots
D:2:      layout_loops_cross, chequers_serial_rivers_micro_e, uniq_jessica
D:3:      layout_rooms, mainiacjoe_overflow_alcove_1

Skill      XL: |  1  2  3  4 |
---------------+-------------+-----
Transmutations | 3 |  3.4
Fighting       | 2 |  2.0
Dodging        | |  2.6
Unarmed Combat | |  3.3
Spellcasting   | |  2.7

Action                   |  1- 3 |  4- 6 || total
-------------------------+-------+-------++-------
Melee: Unarmed           |    86 |    20 ||   106
       Constrict         |    24 |     5 ||    29
       Tentacles         |    16 |     5 ||    21
       Punch             |     6 |       ||     6
       Kick              |    14 |     4 ||    18
       Long sword        |       |    18 ||    18
Throw: Dart              |     2 |       ||     2
 Cast: Beastly Appendage |    12 |     5 ||    17
       Wereblood         |     2 |     1 ||     3
       Spider Form       |     1 |     1 ||     2
  Use: Potion            |       |     2 ||     2
 Stab: Sleeping          |     7 |     2 ||     9
       Distracted        |     1 |     1 ||     2
Armor: Skin              |     7 |     4 ||    11
Dodge: Dodged            |    56 |    28 ||    84
